[ AOE2 MATCH · #506258856 ]
UnrankedBulgarians vs Spanish
Rival team · LOSS
[ REPLAY ANALYSIS · EXTRACTED FROM THE RECORDED GAME ]
Feudal
9:25
Castle
27:21
Imperial
—
| APM avg | 52.1 |
| APM peak | 84 |
| eAPM avg | 26.1 |
| Villagers / military | 73 / 0 |
Focus
⚔️ 35.5% · 🌾 64.5%
Feudal
10:12
Castle
—
Imperial
—
| APM avg | 48.3 |
| APM peak | 86 |
| eAPM avg | 24.3 |
| Villagers / military | 96 / 0 |
Focus
⚔️ 28.7% · 🌾 71.3%
Match map
Initial resources + every placement click. Lines = walls · curves = elevation contours. ◆ gold · ⬟ stone · ● berries · ✦ relic · ◌ wall gap
Your base· Open — unwalled flank
STORM | Noszombie's base· Open — unwalled flank
Smoothed initial terrain · ◌ = detected wall gap · hover for details
Inputs per minute
— DS_VarVa - - STORM | Noszombie
Build order — DS_VarVa
140 actions detected in the replay
| 0:03 | Research | Loom |
| 0:03 | Research | Loom |
| 0:04 | Build | House |
| 0:06 | Build | House |
| 0:19 | Create | Villager (Male) |
| 0:19 | Create | Villager (Male) |
| 0:19 | Create | Villager (Male) |
| 0:24 | Create | Villager (Male) |
| 0:24 | Create | Villager (Male) |
| 1:01 | Create | Villager (Male) |
| 1:01 | Create | Villager (Male) |
| 1:40 | Create | Villager (Male) |
| 1:40 | Create | Villager (Male) |
| 1:59 | Create | Villager (Male) |
| 1:59 | Create | Villager (Male) |
| 2:31 | Build | Lumber Camp |
| 2:37 | Create | Villager (Male) |
| 2:37 | Create | Villager (Male) |
| 2:37 | Create | Villager (Male) |
| 3:02 | Create | Villager (Male) |
| 3:08 | Build | House |
| 3:41 | Create | Villager (Male) |
| 3:41 | Create | Villager (Male) |
| 4:00 | Create | Villager (Male) |
| 4:00 | Create | Villager (Male) |
| 4:37 | Create | Villager (Male) |
| 4:37 | Create | Villager (Male) |
| 4:37 | Create | Villager (Male) |
| 5:00 | Build | Mill |
| 5:42 | Build | House |
| 6:07 | Create | Villager (Male) |
| 6:50 | Create | Villager (Male) |
| 7:11 | Research | Feudal Age |
| 7:11 | Research | Feudal Age |
| 7:43 | Build | Mining Camp |
| 7:48 | Create | Villager (Male) |
| 8:06 | Build | House |
| 8:22 | Create | Villager (Male) |
| 9:25 | Create | Villager (Male) |
| 9:25 | Create | Villager (Male) |
| 9:25 | Age | Feudal Age |
| 9:31 | Research | Wheelbarrow |
| 9:56 | Create | Villager (Male) |
| 9:56 | Create | Villager (Male) |
| 10:16 | Build | Watch Tower |
| 10:19 | Create | Villager (Male) |
| 10:22 | Create | Villager (Male) |
| 10:30 | Create | Villager (Male) |
| 10:31 | Create | Villager (Male) |
| 10:49 | Create | Villager (Male) |
| 10:50 | Create | Villager (Male) |
| 11:12 | Build | Watch Tower |
| 11:19 | Build | House |
| 11:28 | Build | Stone Wall |
| 11:31 | Build | Stone Wall |
| 11:33 | Build | House |
| 11:35 | Build | House |
| 11:52 | Build | Watch Tower |
| 12:29 | Create | Villager (Male) |
| 12:29 | Create | Villager (Male) |
| 12:30 | Create | Villager (Male) |
| 13:06 | Create | Villager (Male) |
| 13:07 | Create | Villager (Male) |
| 13:32 | Build | Mill |
| 13:40 | Create | Villager (Male) |
| 13:54 | Build | Watch Tower |
| 14:01 | Create | Villager (Male) |
| 14:40 | Create | Villager (Male) |
| 14:40 | Create | Villager (Male) |
| 15:14 | Create | Villager (Male) |
| 15:33 | Build | Watch Tower |
| 15:39 | Build | Watch Tower |
| 15:44 | Create | Villager (Male) |
| 15:44 | Create | Villager (Male) |
| 15:54 | Build | Blacksmith |
| 15:57 | Build | Stone Wall |
| 15:58 | Build | Stone Wall |
| 15:59 | Build | Stone Wall |
| 16:00 | Build | Stone Wall |
| 16:01 | Build | Stone Wall |
| 16:05 | Build | Palisade Wall |
| 16:07 | Build | Palisade Wall |
| 16:08 | Build | Stone Wall |
| 16:09 | Build | Stone Wall |
| 16:17 | Create | Villager (Male) |
| 16:17 | Create | Villager (Male) |
| 16:23 | Build | Palisade Wall |
| 16:43 | Research | Fletching |
| 16:49 | Create | Villager (Male) |
| 16:50 | Create | Villager (Male) |
| 17:23 | Create | Villager (Male) |
| 17:24 | Create | Villager (Male) |
| 17:24 | Create | Villager (Male) |
| 17:27 | Build | House |
| 17:45 | Create | Villager (Male) |
| 17:46 | Build | House |
| 17:49 | Build | Farm |
| 17:50 | Build | Farm |
| 17:50 | Build | Farm |
| 18:06 | Build | Watch Tower |
| 18:10 | Build | House |
| 18:13 | Build | Palisade Wall |
| 18:14 | Build | House |
| 18:17 | Create | Villager (Male) |
| 18:17 | Create | Villager (Male) |
| 18:18 | Create | Villager (Male) |
| 18:51 | Create | Villager (Male) |
| 18:57 | Create | Villager (Male) |
| 19:01 | Build | Farm |
| 19:39 | Build | Farm |
| 19:43 | Create | Villager (Male) |
| 19:54 | Research | Double-Bit Axe |
| 20:03 | Build | Mining Camp |
| 20:25 | Create | Villager (Male) |
| 20:32 | Create | Villager (Male) |
| 20:34 | Build | Farm |
| 20:36 | Create | Villager (Male) |
| 20:54 | Create | Villager (Male) |
| 20:54 | Create | Villager (Male) |
| 21:10 | Build | Watch Tower |
| 21:32 | Create | Villager (Male) |
| 21:42 | Build | Market |
| 21:46 | Create | Villager (Male) |
| 22:04 | Create | Villager (Male) |
| 22:53 | Create | Villager (Male) |
| 22:57 | Build | House |
| 23:50 | Build | House |
| 23:52 | Build | House |
| 24:41 | Research | Castle Age |
| 24:42 | Research | Castle Age |
| 24:49 | Build | Palisade Wall |
| 24:51 | Build | Palisade Wall |
| 24:53 | Build | Palisade Wall |
| 25:03 | Build | House |
| 26:23 | Build | Lumber Camp |
| 27:21 | Age | Castle Age |
| 27:25 | Build | Krepost |
| 27:29 | Research | Bodkin Arrow |
| 27:30 | Create | Villager (Male) |
| 27:30 | Create | Villager (Male) |
Build order — STORM | Noszombie
First 150 of 164 actions detected
| 0:01 | Create | Villager (Male) |
| 0:02 | Build | House |
| 0:04 | Build | House |
| 0:05 | Build | House |
| 0:07 | Research | Loom |
| 0:09 | Create | Villager (Male) |
| 0:25 | Create | Villager (Male) |
| 0:28 | Create | Villager (Male) |
| 0:35 | Create | Villager (Male) |
| 1:24 | Create | Villager (Male) |
| 2:06 | Create | Villager (Male) |
| 2:20 | Create | Villager (Male) |
| 2:25 | Create | Villager (Male) |
| 2:51 | Build | Lumber Camp |
| 3:10 | Create | Villager (Male) |
| 3:11 | Create | Villager (Male) |
| 3:43 | Create | Villager (Male) |
| 3:51 | Create | Villager (Male) |
| 4:21 | Build | Mill |
| 4:35 | Create | Villager (Male) |
| 4:42 | Create | Villager (Male) |
| 4:48 | Build | House |
| 5:06 | Create | Villager (Male) |
| 5:42 | Create | Villager (Male) |
| 5:46 | Create | Villager (Male) |
| 5:59 | Build | Palisade Wall |
| 6:02 | Build | Palisade Wall |
| 6:04 | Build | Palisade Wall |
| 6:04 | Create | Villager (Male) |
| 6:08 | Build | Palisade Wall |
| 6:15 | Build | Mill |
| 6:21 | Create | Villager (Male) |
| 6:26 | Create | Villager (Male) |
| 6:35 | Create | Villager (Male) |
| 6:41 | Create | Villager (Male) |
| 6:54 | Build | House |
| 7:26 | Build | Farm |
| 7:32 | Create | Villager (Male) |
| 7:59 | Research | Feudal Age |
| 8:22 | Create | Villager (Male) |
| 8:23 | Create | Villager (Male) |
| 8:55 | Create | Villager (Male) |
| 9:08 | Create | Villager (Male) |
| 9:18 | Create | Villager (Male) |
| 9:25 | Create | Villager (Male) |
| 9:35 | Create | Villager (Male) |
| 9:35 | Create | Villager (Male) |
| 9:45 | Create | Villager (Male) |
| 10:12 | Age | Feudal Age |
| 10:23 | Research | Double-Bit Axe |
| 10:23 | Research | Double-Bit Axe |
| 10:29 | Create | Villager (Male) |
| 10:29 | Create | Villager (Male) |
| 10:51 | Create | Villager (Male) |
| 10:51 | Create | Villager (Male) |
| 11:09 | Build | House |
| 11:14 | Create | Villager (Male) |
| 11:17 | Build | Watch Tower |
| 11:21 | Build | Blacksmith |
| 11:23 | Create | Villager (Male) |
| 11:28 | Build | Watch Tower |
| 11:32 | Build | Mining Camp |
| 11:53 | Create | Villager (Male) |
| 12:06 | Create | Villager (Male) |
| 12:23 | Create | Villager (Male) |
| 12:38 | Create | Villager (Male) |
| 12:42 | Create | Villager (Male) |
| 12:50 | Create | Villager (Male) |
| 12:58 | Build | Palisade Wall |
| 13:02 | Build | Palisade Wall |
| 13:38 | Research | Fletching |
| 13:38 | Research | Fletching |
| 13:39 | Create | Villager (Male) |
| 13:51 | Build | Watch Tower |
| 13:58 | Create | Villager (Male) |
| 14:02 | Create | Villager (Male) |
| 14:04 | Build | Farm |
| 14:05 | Build | Farm |
| 14:05 | Build | Farm |
| 14:15 | Research | Stone Mining |
| 14:15 | Research | Stone Mining |
| 14:26 | Create | Villager (Male) |
| 14:26 | Create | Villager (Male) |
| 15:00 | Create | Villager (Male) |
| 15:01 | Create | Villager (Male) |
| 15:29 | Create | Villager (Male) |
| 15:40 | Build | Palisade Wall |
| 15:41 | Build | Palisade Wall |
| 15:42 | Build | Palisade Wall |
| 15:59 | Create | Villager (Male) |
| 16:06 | Create | Villager (Male) |
| 16:06 | Create | Villager (Male) |
| 16:20 | Create | Villager (Male) |
| 16:30 | Build | House |
| 16:41 | Research | Town Watch |
| 16:41 | Research | Town Watch |
| 16:42 | Create | Villager (Male) |
| 16:42 | Create | Villager (Male) |
| 17:06 | Create | Villager (Male) |
| 17:09 | Build | Farm |
| 17:10 | Build | Farm |
| 17:31 | Create | Villager (Male) |
| 17:44 | Create | Villager (Male) |
| 17:45 | Create | Villager (Male) |
| 18:10 | Build | Watch Tower |
| 18:15 | Create | Villager (Male) |
| 18:33 | Build | Farm |
| 18:48 | Create | Villager (Male) |
| 19:07 | Build | Farm |
| 19:24 | Build | Farm |
| 19:25 | Create | Villager (Male) |
| 19:35 | Create | Villager (Male) |
| 20:00 | Build | Farm |
| 20:01 | Create | Villager (Male) |
| 20:24 | Create | Villager (Male) |
| 20:26 | Build | Farm |
| 20:36 | Build | Watch Tower |
| 20:39 | Create | Villager (Male) |
| 20:46 | Build | Watch Tower |
| 20:49 | Create | Villager (Male) |
| 21:01 | Build | Mining Camp |
| 21:07 | Build | Farm |
| 21:10 | Build | House |
| 21:25 | Create | Villager (Male) |
| 21:31 | Create | Villager (Male) |
| 21:48 | Create | Villager (Male) |
| 21:48 | Create | Villager (Male) |
| 21:49 | Create | Villager (Male) |
| 21:50 | Build | House |
| 22:04 | Create | Villager (Male) |
| 22:15 | Research | Horse Collar |
| 22:16 | Research | Horse Collar |
| 22:18 | Create | Villager (Male) |
| 22:19 | Create | Villager (Male) |
| 22:19 | Create | Villager (Male) |
| 22:27 | Create | Villager (Male) |
| 22:39 | Create | Villager (Male) |
| 22:57 | Create | Villager (Male) |
| 23:16 | Create | Villager (Male) |
| 23:35 | Create | Villager (Male) |
| 24:01 | Create | Villager (Male) |
| 24:38 | Create | Villager (Male) |
| 25:14 | Create | Villager (Male) |
| 25:18 | Build | Mining Camp |
| 25:26 | Create | Villager (Male) |
| 25:26 | Create | Villager (Male) |
| 25:30 | Build | Outpost |
| 25:36 | Create | Villager (Male) |
| 25:51 | Build | House |
| 25:53 | Build | House |
Match timeline
| 5:59 | STORM | Noszombie · wall_segment Palisade Wall x1 |
| 6:02 | STORM | Noszombie · wall_segment Palisade Wall x1 |
| 6:04 | STORM | Noszombie · wall_segment Palisade Wall x1 |
| 6:08 | STORM | Noszombie · wall_segment Palisade Wall x1 |
| 9:25 | DS_VarVa · age_up feudal |
| 10:12 | STORM | Noszombie · age_up feudal |
| 11:28 | DS_VarVa · wall_segment Stone Wall x1 |
| 11:31 | DS_VarVa · wall_segment Stone Wall x1 |
| 12:58 | STORM | Noszombie · wall_segment Palisade Wall x1 |
| 13:02 | STORM | Noszombie · wall_segment Palisade Wall x1 |
| 15:40 | STORM | Noszombie · wall_segment Palisade Wall x1 |
| 15:41 | STORM | Noszombie · wall_segment Palisade Wall x1 |
| 15:42 | STORM | Noszombie · wall_segment Palisade Wall x1 |
| 15:57 | DS_VarVa · wall_segment Stone Wall x1 |
| 15:58 | DS_VarVa · wall_segment Stone Wall x1 |
| 15:59 | DS_VarVa · wall_segment Stone Wall x1 |
| 16:00 | DS_VarVa · wall_segment Stone Wall x1 |
| 16:01 | DS_VarVa · wall_segment Stone Wall x1 |
| 16:05 | DS_VarVa · wall_segment Palisade Wall x1 |
| 16:07 | DS_VarVa · wall_segment Palisade Wall x1 |
| 16:08 | DS_VarVa · wall_segment Stone Wall x1 |
| 16:09 | DS_VarVa · wall_segment Stone Wall x1 |
| 16:23 | DS_VarVa · wall_segment Palisade Wall x1 |
| 18:13 | DS_VarVa · wall_segment Palisade Wall x1 |
| 22:52 | DS_VarVa · first_market_buy 100 food |
| 23:27 | DS_VarVa · first_market_sell 100 wood |
| 24:49 | DS_VarVa · wall_segment Palisade Wall x1 |
| 24:51 | DS_VarVa · wall_segment Palisade Wall x1 |
| 24:53 | DS_VarVa · wall_segment Palisade Wall x1 |
| 26:07 | STORM | Noszombie · wall_segment Stone Wall x1 |
| 27:21 | DS_VarVa · age_up castle |
| 27:25 | DS_VarVa · first_building Krepost |
| 27:31 | STORM | Noszombie · resign |
[ AI ANALYSIS · 1 CREDIT ]
What really happened in this match?
Wolo.gg analyzes every decision: build order, eco, micro, common mistakes by bracket. Personalized analysis on WhatsApp or Discord in 30 seconds.
Civ guide
Bulgarians
Perfil
Jugador #4129359